 Dungeon Crawl Stone Soup version 0.27.0-1-g7a089689b8 (webtiles) character file.

Game seed: 1379160077418804823

329 HungrySpirit the Ducker (level 6, 0/47 HPs)
             Began as a Human Arcane Marksman on July 31, 2021.
             Was an Initiate of Okawaru.
             Slain by Dowan (2 damage)
             ... on level 3 of the Dungeon.
             The game lasted 00:06:48 (5327 turns).

HungrySpirit the Ducker (Human Arcane Marksman)     Turns: 5327, Time: 00:06:49

Health: 0/47       AC:  5    Str: 10 (12) XL:     6   Next: 80%
Magic:  7/7        EV: 15    Int: 10 (13) God:    Okawaru [......]
Gold:   163        SH:  0    Dex: 13 (14) Spells: 6/7 levels left

rFire    . . .     SeeInvis .   r - +2 whip (elec)
rCold    . . .     Faith    .   (no shield)
rNeg     . . .     Spirit   .   f - +0 ring mail
rPois    .         Reflect  .   (no helmet)
rElec    .         Harm     .   (no cloak)
rCorr    .         Rampage  .   (no gloves)
Will     .....                  (no boots)
Stlth    +.........             (no amulet)
HPRegen  0.15/turn              c - +4 ring of evasion
MPRegen  0.10/turn              a - ring of flight

@: mighty, lethally poisoned (0 -> -2), attractive, flying
A: no striking features
a: Renounce Religion


You were on level 3 of the Dungeon.
You worshipped Okawaru.
Okawaru was noncommittal.
You visited 1 branch of the dungeon, and saw 4 of its levels.

You collected 163 gold pieces.

Inventory:

Hand Weapons
 g - a +0 short sword
 r - a +2 whip of electrocution (weapon)
 t - a +0 falchion
Missiles
 k - 34 poisoned darts (quivered)
 p - 5 javelins
Armour
 f - a +0 ring mail (worn)
Jewellery
 a - a ring of flight (right hand)
 b - an amulet of faith
 c - a +4 ring of evasion (left hand)
Wands
 m - a wand of polymorph (9)
Scrolls
 d - 2 scrolls of blinking {unknown}
 e - 2 scrolls of teleportation {unknown}
 h - 4 scrolls of identify {unknown}
 j - 2 scrolls of amnesia {unknown}
 l - a scroll of magic mapping {unknown}
 s - a scroll of summoning {unknown}
 v - 3 scrolls of torment {unknown}
 x - a scroll of noise {unknown}
Potions
 i - 4 potions of might
 o - a potion of mutation {unknown}
 w - a potion of lignification {unknown}


   Skills:
 + Level 3.0 Fighting
 + Level 3.4 Short Blades
 * Level 1.0 Maces & Flails
 - Level 2.0 Throwing
 + Level 2.3 Armour
 + Level 3.5 Dodging
 - Level 1.0 Spellcasting
 - Level 3.0 Hexes


You had 6 spell levels left.
You knew the following spells:

 Your Spells              Type           Power      Damage    Failure   Level
a - Corona                Hex            6%         N/A       26%         1

Your spell library contained the following spells:

 Spells                   Type           Power      Damage    Failure   Level
 Slow                     Hex            6%         N/A       36%         2
 Summon Small Mammal      Summ           0%         N/A       65%         1
 Dazzling Flash           Conj/Hex       6%         N/A       80%         3
 Inner Flame              Hex/Fire       3%         N/A       80%         3
 Portal Projectile        Hex/Tloc       6%         N/A       80%         3
 Summon Guardian Golem    Hex/Summ       3%         N/A       80%         3
 Cause Fear               Hex            3%         N/A       94%         4
 Call Canine Familiar     Summ           0%         N/A       95%         3
 Agony                    Necr           0%         N/A       100%        5
 Silence                  Hex/Air        1%         N/A       100%        5


Dungeon Overview and Level Annotations

Branches:
Dungeon (4/15)             Temple (0/1) D:4

Altars:
Okawaru
Trog
Zin

Shops:
D:3 (

Annotations:
D:3 1 runed translucent door, Crazy Yiuf, Dowan, Duvessa


Message History

There is a stone staircase leading up, spattered with blood here.
You hit Duvessa but do no damage. Duvessa hits you but does no damage.
Dowan closely misses you.
You barely miss Duvessa. Duvessa hits you with a +0 rapier! Dowan misses you.
You barely miss Dowan.
Dowan is lightly wounded.
Duvessa hits you with a +0 rapier. Dowan hits you but does no damage.
You are poisoned.
You feel very sick. Duvessa hits you with a +0 rapier.
Dowan casts a spell at you. You resist with some effort.
You fly upwards.
Level annotation: 1 runed translucent door, Crazy Yiuf You feel very sick.
There is a stone staircase leading down here.
It was a potion of degeneration.
There was something very wrong with that liquid.
You feel weakened.
You feel dopey.
You feel clumsy.
You feel sick. Duvessa hits you with a +0 rapier.
* * * LOW HITPOINT WARNING * * *
Dowan barely misses you.
It was a potion of might.
You feel very mighty all of a sudden.
You feel sick. Duvessa misses you.
Dowan points at you and mumbles some strange words.
The puff of frost hits you!
* * * LOW HITPOINT WARNING * * *
It was a potion of magic.
Magic courses through your body.
* * * LOW HITPOINT WARNING * * *
You feel sick. Duvessa closely misses you.
Dowan points at you and mumbles some strange words.
The puff of flame misses you.
It was a potion of attraction.
You feel attractive to monsters.
* * * LOW HITPOINT WARNING * * *
You feel sick. Duvessa hits you but does no damage.
Dowan says, "Stay away from my face!"
Dowan hits you with a +0 dagger of venom.
You die...

....# ..(.# ....# ....# ....#
....###################
........).......#.....####
....######...............##
....####........@e........##
.................e.........#
...........................#
...........................#
.....###...................#
....)..#...................#
.....#.........<..........##
.....###........##.........#
###>รท###.....#####.........#


You could see Duvessa and Dowan.

Vanquished Creatures
  A scorpion (D:4)
  A hound (D:4)
  A jelly (D:3)
  A centaur skeleton (D:3)
  An iguana (D:2)
  A hound skeleton (D:4)
  A howler monkey skeleton (D:4)
  4 gnolls (D:3)
  An adder (D:4)
  3 worms
  2 dart slugs
  2 orcs
  9 bats
  2 endoplasms
  3 giant cockroaches
  8 goblins
  8 hobgoblins
  4 jackals
  7 kobolds
  A quokka (D:2)
  11 ball pythons
  3 rats (D:1)
75 creatures vanquished.

Notes
Turn   | Place    | Note
-------+----------+-------------------------------------------
     0 | D:1      | HungrySpirit the Human Arcane Marksman began the quest for
                  | the Orb.
     0 | D:1      | Reached XP level 1. HP: 15/15 MP: 2/2
   108 | D:1      | Reached XP level 2. HP: 17/21 MP: 3/3
   733 | D:1      | Reached XP level 3. HP: 26/27 MP: 4/4
  1077 | D:1      | Reached skill level 1 in Short Blades
  1125 | D:2      | Found a glowing silver altar of Zin.
  1400 | D:2      | Found a faded altar of an unknown god.
  1434 | D:2      | Reached skill level 1 in Armour
  1661 | D:2      | Reached XP level 4. HP: 32/33 MP: 5/5
  2672 | D:3      | Found a runed translucent door.
  2673 | D:3      | Noticed Crazy Yiuf
  2744 | D:3      | Reached XP level 5. HP: 38/38 MP: 6/6
  3893 | D:3      | Found Vuewn's Antique Weapon Boutique.
  3965 | D:3      | Found an iron altar of Okawaru.
  3966 | D:3      | Found a bloodstained altar of Trog.
  4145 | D:3      | Became a worshipper of Warmaster Okawaru
  4398 | D:4      | Reached XP level 6. HP: 41/46 MP: 7/7
  4941 | D:4      | Found a staircase to the Ecumenical Temple.
  5142 | D:4      | Noticed Dowan
  5143 | D:4      | Noticed Duvessa
  5236 | D:3      | Reached skill level 1 in Maces & Flails
  5326 | D:3      | HP: 2/47 [poisoned by Dowan]
  5327 | D:3      | Slain by Dowan

Illustrated notes

Levels and vault maps discovered:
D:1:      minmay_arrival_open_corners, layout_basic, minmay_tetromino_l4
D:2:      layout_loops_ring, basic_altar, ebering_ecumenical_altar_mist
D:3:      layout_rooms, grunt_temple_overflow_bloody_war, serial_shops, shop,
          uniq_crazy_yiuf_cottage
D:4:      layout_basic, minmay_temple_entry_glassed_door,
          minmay_misc_feat_diagonals, minmay_misc_feat_cross, uniq_duvessa

Skill      XL: |  1  2  3  4  5  6 |
---------------+-------------------+-----
Short Blades   | 1 2 3 |  3.4
Fighting       | 2 3 |  3.0
Armour         | 1 2 |  2.3
Dodging        | 3 |  3.5
Maces & Flails | 1 |  1.0
Throwing       | |  2.0
Spellcasting   | |  1.0
Hexes          | |  3.0

Action                   |  1- 3 |  4- 6 || total
-------------------------+-------+-------++-------
Melee: Club              |    22 |       ||    22
       Short sword       |   132 |   163 ||   295
       Whip              |       |    46 ||    46
Throw: Javelin           |     9 |    10 ||    19
       Throwing net      |       |     2 ||     2
       Dart              |       |    26 ||    26
  Use: Potion            |       |     5 ||     5
Armor: Ring mail         |    97 |    80 ||   177
Dodge: Dodged            |   137 |   186 ||   323
